 Dungeon Crawl Stone Soup version 0.25.0-26-g0c896c7088 (webtiles) character file.

Game seed: 4072272535588864331

1207 MisterFreud the Chiller (level 8, -5/58 HPs)
             Began as a Demonspawn Ice Elementalist on July 5, 2020.
             Was a Believer of Uskayaw.
             Slain by Menkaure (13 damage)
             ... on level 6 of the Dungeon.
             The game lasted 00:10:52 (7044 turns).

MisterFreud the Chiller (DsIE)                      Turns: 7044, Time: 00:10:53

Health: -5/58      AC:  9    Str: 13    XL:     8   Next: 21%
Magic:  13/15      EV: 14    Int: 18    God:    Uskayaw [**....]
Gold:   128        SH:  0    Dex: 14    Spells: 13/17 levels left

rFire    . . .     SeeInvis .   j - +1 dagger (venom)
rCold    . . .     Gourm    .   (no shield)
rNeg     + . .     Faith    .   y - +3 leather armour of Reimm {rN+ MR- rCorr Str+4}
rPois    .         Spirit   .   l - +0 helmet
rElec    .         Reflect  .   A - +1 cloak
rCorr    +         Harm     .   (no gloves)
MR       .....                  (no boots)
Stlth    +++.......             (no amulet)
HPRegen  0.19/turn              d - ring of flight
MPRegen  0.14/turn              w - ring of resist corrosion

@: frozen ramparts
A: talons 1, nightstalker 1, rot immunity
a: Stomp, Line Pass, Renounce Religion, Evoke Flight


You were on level 6 of the Dungeon.
You worshipped Uskayaw.
Uskayaw was noncommittal.
You were near starving.

You visited 1 branch of the dungeon, and saw 6 of its levels.
You also visited: Sewer.

You collected 238 gold pieces.
You spent 110 gold pieces at shops.

Inventory:

Hand Weapons
 j - a +1 dagger of venom (weapon)
Missiles
 v - 22 poisoned darts (quivered)
 I - 8 javelins
Armour
 a - a +0 robe
 l - a +0 helmet (worn)
 n - a +1 cloak
 y - the +3 leather armour of Reimm (worn) {rN+ MR- rCorr Str+4}
   (You found it on level 4 of the Dungeon)

   It affects your strength (+4).
   It protects you from negative energy.
   It affects your resistance to hostile enchantments.
   It provides partial protection from all sources of acid and corrosion.
 A - a +1 cloak (worn)
Jewellery
 d - a ring of flight (left hand)
 w - a ring of resist corrosion (right hand)
 H - an uncursed ring of magical power {unknown}
Wands
 z - a wand of random effects (23)
 B - a wand of paralysis (9)
Scrolls
 e - a scroll of enchant armour {unknown}
 f - 2 scrolls of enchant weapon {unknown}
 g - a scroll of noise {unknown}
 h - 2 scrolls of identify {unknown}
 i - 3 scrolls of random uselessness {unknown}
 m - 2 scrolls of teleportation {unknown}
 o - a scroll of fear {unknown}
 q - 2 scrolls of remove curse {unknown}
 t - 2 scrolls of immolation {unknown}
 D - a scroll of fog {unknown}
 E - a scroll of blinking {unknown}
 F - a scroll of silence {unknown}
Potions
 b - 6 potions of curing
 k - 3 potions of magic {unknown}
 p - 2 potions of mutation {unknown}
 r - 2 potions of might {unknown}
 s - a potion of ambrosia {unknown}
 u - 5 potions of brilliance {unknown}
 x - a potion of haste {unknown}
 C - a potion of heal wounds
 G - 3 potions of degeneration {unknown}
Comestibles
 c - 10 rations


   Skills:
 - Level 3.0 Fighting
 - Level 5.0 Dodging
 - Level 1.7 Stealth
 + Level 3.8 Unarmed Combat
 - Level 5.0 Spellcasting
 - Level 5.0 Ice Magic


You had 13 spell levels left.
You knew the following spells:

 Your Spells              Type           Power        Failure   Level  Hunger
a - Freeze                Ice            ###.         2%          1    None
b - Frozen Ramparts       Ice            ###...       6%          3    ##.....

Your spell library contained the following spells:

 Spells                   Type           Power        Failure   Level  Hunger
 Ozocubu's Armour         Chrm/Ice       ##......     19%         3    ##.....
 Hailstorm                Conj/Ice       ##......     52%         4    ####...
 Summon Ice Beast         Ice/Summ       ##......     52%         4    ####...


Dungeon Overview and Level Annotations

Branches:
Dungeon (6/15)             Temple (0/1) D:4           Sewer (visited)

Altars:
Kikubaaqudgha
Uskayaw
Vehumet

Shops:
D:4 =   D:5 !

Annotations:
D:4 2 transporters, IHuginn's ghost, amateur DsGl
D:6 Menkaure


Innate Abilities, Weirdness & Mutations

You have sharp toenails.
You are slightly more attuned to the shadows.
You are immune to rotting.


Message History

The wall freezes the centaur.
Menkaure resists.
The wall freezes Menkaure.
Menkaure points at you and mumbles some strange words.
Pain shoots through your body!
* * * LOW HITPOINT WARNING * * *
Menkaure resists.
The wall freezes Menkaure.
Menkaure hits you!
* * * LOW HITPOINT WARNING * * *
You can now pass through a line of other dancers.
You hit Menkaure but do no damage.
Menkaure is severely damaged.
Menkaure completely resists.
The wall freezes Menkaure but do no damage.
Menkaure casts a spell at you. Pain shoots through your body!
* * * LOW HITPOINT WARNING * * *
You hit Menkaure but do no damage. You claw Menkaure.
Menkaure is almost destroyed.
Menkaure resists.
The wall freezes Menkaure.
Menkaure gestures ominously.
Menkaure hits you!
You die...

... #.........#
...####.........#
........#########
........# ........#
........#####
##+###'#>...# .
#.....#....# M.
+..@(.#....#
...########M##....#
........(((..###+##
.......(.....#
.....M.......#
.....c.......#
.............#
....(........#
####+##......#


You could see Menkaure (fast).

Vanquished Creatures
  Sigmund (D:2)
  2 ogres
  3 big kobolds (Sewer)
  A scorpion (D:4)
  A howler monkey (D:5)
  4 crimson imps
  2 hounds
  An orc wizard (D:5)
  A bullfrog skeleton (D:4)
  3 worker ants (D:4)
  Robin (D:2)
  13 adders
  2 river rats (Sewer)
  A shadow imp (D:5)
  4 oozes
  6 worms
  A dart slug (D:1)
  3 orcs (D:5)
  3 ball pythons
  8 bats
  2 giant cockroaches
  13 goblins
  5 hobgoblins
  6 jackals
  3 quokkas (D:4)
  2 frilled lizards
  13 kobolds
  2 leopard gecko skeletons
  8 rats
115 creatures vanquished.

Vanquished Creatures (others)
  A hobgoblin (D:2)
1 creature vanquished.

Grand Total: 116 creatures vanquished

Notes
Turn   | Place    | Note
-------+----------+-------------------------------------------
     0 | D:1      | MisterFreud the Demonspawn Ice Elementalist began the quest
                  | for the Orb.
     0 | D:1      | Reached XP level 1. HP: 13/13 MP: 3/3
   403 | D:1      | Reached skill level 1 in Fighting
  1176 | D:2      | Noticed Robin
  1359 | D:1      | Gained mutation: You are slightly more attuned to the
                  | shadows. [demonic ancestry]
  1359 | D:1      | Reached XP level 2. HP: 10/22 MP: 0/5
  2006 | D:1      | Reached XP level 3. HP: 6/28 MP: 1/6
  2281 | D:1      | Learned a level 3 spell: Frozen Ramparts
  2350 | D:2      | Killed Robin
  3013 | D:2      | Gained mutation: You have sharp toenails. [demonic
                  | ancestry]
  3013 | D:2      | Reached XP level 4. HP: 33/35 MP: 7/7
  3112 | D:2      | Found an ancient bone altar of Kikubaaqudgha.
  3436 | D:2      | Noticed Sigmund
  3447 | D:2      | Killed Sigmund
  3447 | D:2      | Reached XP level 5. HP: 32/41 MP: 5/10
  3732 | D:2      | Found a radiant altar of Vehumet.
  4207 | D:3      | Reached XP level 6. HP: 47/47 MP: 11/11
  4668 | D:3      | Reached skill level 5 in Ice Magic
  4895 | D:4      | Found a staircase to the Ecumenical Temple.
  4964 | D:4      | Noticed IHuginn's ghost (amateur DsGl)
  4968 | D:4      | Found a transporter.
  5083 | D:4      | Found Uptyexo's Jewellery Boutique.
  5190 | D:4      | Got a spiked leather armour
  5201 | D:4      | Identified the +3 leather armour of Reimm {rN+ MR- rCorr
                  | Str+4} (You found it on level 4 of the Dungeon)
  5286 | D:4      | Reached skill level 5 in Spellcasting
  5295 | D:4      | Gained mutation: You are immune to rotting. [demonic
                  | ancestry]
  5295 | D:4      | Reached XP level 7. HP: 52/52 MP: 6/14
  5459 | D:4      | Found a transporter.
  5508 | D:4      | Found a glowing drain.
  5536 | Sewer    | Entered a sewer
  5969 | D:5      | Entered Level 5 of the Dungeon
  5972 | D:5      | Reached skill level 5 in Dodging
  5999 | D:5      | Reached skill level 1 in Unarmed Combat
  6065 | D:5      | Found Kemnaor's Distillery.
  6072 | D:5      | Bought a potion of heal wounds for 50 gold pieces
  6072 | D:5      | Bought a potion of curing for 30 gold pieces
  6072 | D:5      | Bought a potion of curing for 30 gold pieces
  6180 | D:5      | Reached XP level 8. HP: 52/58 MP: 11/15
  6245 | D:5      | Found a hide-covered altar of Uskayaw.
  6871 | D:5      | Became a worshipper of Uskayaw the Reveler
  6950 | D:6      | Reached * piety under Uskayaw
  6959 | D:6      | Reached ** piety under Uskayaw
  6982 | D:6      | Reached *** piety under Uskayaw
  7026 | D:6      | Noticed Menkaure
  7044 | D:6      | Slain by Menkaure

Illustrated notes

Levels and vault maps discovered:
D:1:      nzn_arrival_water_spiral, layout_loops_ring, hangedman_decor_growths
D:2:      layout_loops_cross, lemuel_coloured_pillars_altar,
          lemuel_crystal_altar, minmay_randomly_rotated_circles, uniq_robin,
          uniq_sigmund
D:3:      layout_basic, minmay_cut_off
D:4:      layout_rooms, minmay_temple_entry_junction,
          cheibrodos_sewer_entry_bend, serial_shops, kennysheep_mini,
          gammafunk_ghost_stat_death, chequers_serial_rivers_small_a
D:5:      layout_loops_ring, lemuel_crystal_altar, serial_shops,
          nicolae_shop_crystal, first_ration
D:6:      layout_gridville, kennysheep_little_box, tso_oasis_becter,
          nicolae_ru_the_path_less_chosen, minmay_fractal_squares_diagonal_5,
          uniq_pikel, uniq_maggie, uniq_menkaure

Skill      XL: |  1  2  3  4  5  6  7  8 |
---------------+-------------------------+-----
Fighting       | 2 3 |  3.0
Ice Magic      | 4 5 |  5.0
Spellcasting   | 3 5 |  5.0
Dodging        | 3 5 |  5.0
Unarmed Combat | 2 3 |  3.8
Stealth        | |  1.7

Action                   |  1- 3 |  4- 6 |  7- 9 || total
-------------------------+-------+-------+-------++-------
Melee: Unarmed           |    14 |       |       ||    14
       Club              |     1 |       |       ||     1
       Dagger            |    10 |    87 |   131 ||   228
       Kick              |       |    19 |    30 ||    49
 Cast: Freeze            |    46 |       |       ||    46
       Frozen Ramparts   |     2 |    10 |    13 ||    25
  Use: Potion            |     1 |       |     1 ||     2
 Stab: Sleeping          |       |    12 |     4 ||    16
       Distracted        |       |     2 |       ||     2
       Paralysed         |       |       |     1 ||     1
  Eat: Chunk             |     7 |     8 |     5 ||    20
Armor: Robe              |    14 |    13 |       ||    27
       Leather armour    |       |     4 |    40 ||    44
Dodge: Dodged            |    64 |    48 |    88 ||   200
